 Dungeon Crawl Stone Soup version 0.28-a0-1510-gd0f6b136d3 (webtiles) character file.

Game seed: 17998758899185257777

20 Hasart the Insei (level 2, -5/18 HPs)
             Began as an Octopode Transmuter on Jan 14, 2022.
             Slain by Terence (7 damage)
             ... on level 2 of the Dungeon.
             The game lasted 00:01:57 (1030 turns).

Hasart the Insei (Octopode Transmuter)              Turns: 1030, Time: 00:01:57

Health: -5/18      AC:  1    Str:  9    XL:     2   Next: 79%
Magic:  4/5        EV: 13    Int: 15    God:
Gold:   51         SH:  0    Dex: 12    Spells: 2/5 levels left

rFire   . . .      SeeInvis .     - Unarmed
rCold   . . .      Faith    .   (no shield)
rNeg    . . .      Spirit   .   (helmet currently unavailable)
rPois   .          Reflect  .   (no amulet)
rElec   .          Harm     .   (no ring)
rCorr   .          Rampage  .   (no ring)
Will    .....                   (no ring)
Stlth   ++........              (no ring)
HPRegen 0.06/turn               (no ring)
MPRegen 0.09/turn               (no ring)
                                (no ring)
                                (no ring)

@: appendages
A: tentacle spike 3, almost no armour, amphibious, 8 rings, camouflage 1,
gelatinous body 1, (nimble swimmer 1), tentacles
a: End Transformation


You were on level 2 of the Dungeon.
One of your tentacles had grown a beastly spike.
You visited 1 branch of the dungeon, and saw 2 of its levels.

You collected 51 gold pieces.

Inventory:

Scrolls
 b - a scroll of teleportation {unknown}
 c - a scroll of torment {unknown}
 d - 2 scrolls of identify {unknown}
 e - a scroll of immolation {unknown}
 f - a scroll of enchant weapon {unknown}
Potions
 a - a potion of brilliance {unknown}


   Skills:
 + Level 1.2 Fighting
 + Level 2.2 Dodging
 * Level 3.3 Unarmed Combat
 + Level 2.2 Spellcasting
 + Level 2.2 Transmutations


You had 2 spell levels left.
You knew the following spells:

 Your Spells              Type           Power      Damage    Failure   Level
a - Beastly Appendage     Tmut           16%        N/A       9%          1
b - Wereblood             Tmut           8%         N/A       13%         2

Your spell library contained the following spells:

 Spells                   Type           Power      Damage    Failure   Level
 Foxfire                  Conj/Fire      4%         2x1d4     22%         1
 Spider Form              Tmut/Pois      5%         N/A       38%         3
 Conjure Flame            Conj/Fire      1%         6-21      54%         3
 Inner Flame              Hex/Fire       1%         N/A       54%         3
 Ice Form                 Ice/Tmut       5%         N/A       80%         4
 Flame Wave               Conj/Fire      1%         2d4       91%         4


Dungeon Overview and Level Annotations

Branches:
Dungeon (2/15)

Altars:

Shops:
D:1 !   D:2 !

Annotations:
D:2 Terence


Innate Abilities, Weirdness & Mutations

One of your tentacles has grown a beastly spike.
You cannot wear most types of armour.
You are amphibious.
You can wear up to eight rings at the same time.
Your skin changes colour to match your surroundings (Stealth+).
Your rubbery body absorbs attacks. (AC +1, EV +1)
((You are camouflaged when in or above water. (Stealth+)))
You have tentacles for arms and can constrict up to eight enemies at once.


Message History

Found a stone staircase leading down.
You now have 39 gold pieces (gained 11).
You now have 51 gold pieces (gained 12).
f - a scroll labelled NUWINI ADEUTS
Found a dagger.
You see here a +0 dagger.
An endoplasm comes into view.
An endoplasm is nearby!
Found an escape hatch in the ceiling.
The helpless endoplasm fails to defend itself.
You bludgeon the endoplasm!
You kill the endoplasm!
No target in view!
No target in view!
Found Oqiefof's Distillery.
There is an escape hatch in the ceiling here.
There is an entrance to Oqiefof's Distillery here.
You can access your shopping list by pressing '$'.
You pick up a book of Flames and begin reading...
You add the spells Foxfire, Conjure Flame, Inner Flame and Flame Wave to your library.
Terence the Incautious comes into view.
He is wielding a +0 falchion.
Found a stone staircase leading down.
Terence is nearby!
Casting: Beastly Appendage (safe; 9% risk of failure)
Confirm with . or Enter, or press ? or * to list all spells.
One of your tentacles grows a vicious spike.
Terence screams, "I want your blood!"
You barely miss Terence. You grab Terence. You squeeze Terence.
Terence is moderately wounded.
You constrict Terence. Terence hits you with a +0 falchion.
You tentacle-slap Terence but do no damage.
You pierce Terence, but do no damage.
Terence is moderately wounded.
You constrict Terence. Terence hits you with a +0 falchion!
Ouch! That really hurt!
* * * LOW HITPOINT WARNING * * *
You tentacle-slap Terence.
Terence is moderately wounded.
You constrict Terence. Terence hits you with a +0 falchion!
You die...

.)..#
.########
.#.......
...######.
..........
...###### .
.#.# ..# ...#
##########...#
8.##
#......@@..>.#
..######
#.########...#
<......# #.#
## ..####.#
#.####### #
∩.# #.#
#.......###.#
..# #.#
#######...#.#
8.# #.#
###.....##.#
..# #..
..#........#
..# #.#
#.##.####..#


You could see Terence.

Vanquished Creatures
  2 dart slugs (D:1)
  2 endoplasms
  2 goblins (D:1)
  2 hobgoblins (D:1)
  2 kobolds (D:1)
  A quokka (D:1)
  A bat (D:1)
  3 rats (D:1)
15 creatures vanquished.

Notes
Turn   | Place    | Note
-------+----------+-------------------------------------------
     0 | D:1      | Hasart the Octopode Transmuter began the quest for the Orb.
     0 | D:1      | Reached XP level 1. HP: 13/13 MP: 3/3
    33 | D:1      | Found Jep Coi's Distillery.
   195 | D:1      | Reached XP level 2. HP: 18/18 MP: 5/5
   267 | D:1      | Found a faded altar of an unknown god.
   424 | D:1      | Learned a level 2 spell: Wereblood
   965 | D:2      | Found Oqiefof's Distillery.
  1023 | D:2      | Noticed Terence
  1030 | D:2      | Slain by Terence

Illustrated notes

Levels and vault maps discovered:
D:1:      lightli_arrival_windingriver, layout_basic, serial_shops,
          nicolae_square_shop, hellmonk_ecumenical_altar_arch_garden
D:2:      layout_loops_ring, serial_shops, shop_statue, uniq_sigmund,
          uniq_jessica, uniq_terence

Action                   || total
-------------------------++-------
Melee: Unarmed           ||    26
       Tentacles         ||    10
       Constrict         ||    10
       Punch             ||     2
       Kick              ||     2
 Cast: Beastly Appendage ||     3
 Stab: Sleeping          ||     4
Armor: Skin              ||     1
Dodge: Dodged            ||    15

Table legend: (Time is in decaauts)
 A = Elapsed time spent in this place.
 B = Non-inter-level travel time spent in this place.
 C = Inter-level travel time spent in this place.
 D = Time resting spent in this place.
 E = Time spent auto-exploring this place.
 F = Levels seen in this place.
 G = Mean time per level.
                   A        B        C        D        E       F      G
               +--------+--------+--------+--------+--------+-----+--------+
         Total |   1028 |   1023 |      5 |      8 |    885 |   2 |  514.0 |
       Dungeon |   1028 |   1023 |      5 |      8 |    885 |   2 |  514.0 |
               +--------+--------+--------+--------+--------+-----+--------+

Top non-repeatable levels by time:
     D:1: 915 daAuts
     D:2: 112 daAuts
